 Dungeon Crawl Stone Soup version 0.30-a0-458-g86641cc (webtiles) character file.

Game seed: 7933060628787344956

38193 Illumine the Severer (level 13, -1/119 HPs)
             Began as a Minotaur Fighter on Dec 14, 2022.
             Was the Champion of Makhleb.
             Slain by a skeletal warrior
             ... wielding a +1 scimitar
              (21 damage)
             ... on level 12 of the Dungeon.
             The game lasted 00:12:06 (13151 turns).

Illumine the Severer (Minotaur Fighter)            Turns: 13151, Time: 00:12:06

Health: -1/119     AC: 19    Str: 25    XL:     13   Next: 62%
Magic:  19/19      EV:  9    Int:  5    God:    Makhleb [******]
Gold:   1043       SH: 20    Dex: 17    Spells: 12/12 levels left

rFire   . . .      SeeInvis .    e - +2 broad axe (vamp)
rCold   + . .      Faith    .    u - +2 tower shield
rNeg    . . .      Spirit   .    l - +0 plate armour
rPois   .          Reflect  .    M - +0 hat
rElec   .          Harm     .    (no cloak)
rCorr   .          Rampage  .    m - +0 pair of gloves
Will    .....                    S - +1 pair of boots "Forget-Me-Not" {Dex+6}
Stlth   ..........               (no amulet)
HPRegen 0.39/turn                o - ring of protection from cold
MPRegen 0.16/turn                T - +4 ring of evasion

@: no status effects
A: horns 2, retaliatory headbutt
a: Renounce Religion, Minor Destruction, Lesser Servant of Makhleb, Major
Destruction, Greater Servant of Makhleb


You were on level 12 of the Dungeon.
You worshipped Makhleb.
Makhleb was exalted by your worship.
You visited 4 branches of the dungeon, and saw 19 of its levels.

You collected 1218 gold pieces.
You spent 175 gold pieces at shops.

Inventory:

Hand Weapons
 a - a +0 war axe
 c - the +0 staff of Battle
   (You took it off a wizard on level 12 of the Dungeon)

   It enhances your conjuration magic.
   It summons a battlesphere in combat, with strength depending on Conjurations
   skill.
   Its strikes trigger the battlesphere's blasts.
 e - a +2 vampiric broad axe (weapon)
 k - the +9 hand axe of Woedyher {spect, *Slow rF+ rN+ Int+4}
   (You found it on level 2 of the Dungeon)

   When its wielder attacks, the weapon's spirit leaps out and strikes again.
   The spirit shares a part of any damage it takes with its wielder.
   Int:       It affects your intelligence (+4).
   rF:        It protects you from fire.
   rN:        It protects you from negative energy.
   *Slow:     It may slow you when you take damage.
 J - a +6 flail
Missiles
 j - 3 throwing nets (quivered)
Armour
 b - a +0 scale mail
 l - a +0 plate armour (worn)
 m - a +0 pair of gloves (worn)
 u - a +2 tower shield (worn)
 M - a +0 hat (worn)
 N - a +0 pair of boots of rampaging
 S - the +1 pair of boots "Forget-Me-Not" (worn) {Dex+6}
   (You acquired it on level 2 of the Lair of Beasts)

   Dex:       It affects your dexterity (+6).
Jewellery
 o - a ring of protection from cold (left hand)
 R - a ring of ice
 T - a +4 ring of evasion (right hand)
 Y - a +4 ring of evasion
Wands
 A - a wand of mindburst (6)
 D - a wand of light (2)
 F - a wand of flame (25)
 L - a wand of polymorph (5)
 W - a wand of roots (7)
Scrolls
 f - 11 scrolls of poison
 g - 2 scrolls of brand weapon
 i - 10 scrolls of teleportation
 r - 6 scrolls of vulnerability
 t - 3 scrolls of enchant armour
 w - a scroll of torment {unknown}
 x - 3 scrolls of summoning
 y - a scroll of blinking
 z - 4 scrolls of fear
 B - 2 scrolls of magic mapping
 Q - a scroll of fog {unknown}
 V - a scroll of noise {unknown}
 X - a scroll of amnesia
Potions
 d - 3 potions of might
 h - 2 potions of attraction
 n - 2 potions of ambrosia
 p - 5 potions of flight
 q - 6 potions of curing
 s - 3 potions of haste
 v - 2 potions of berserk rage
 C - 3 potions of heal wounds {unknown}
 E - 3 potions of invisibility {unknown}
 H - 5 potions of brilliance
 I - 2 potions of lignification {unknown}
 O - a potion of cancellation {unknown}
 U - a potion of resistance {unknown}
Miscellaneous
 K - a lightning rod (4/4)


   Skills:
 + Level 12.3 Fighting
 * Level 16.6 Axes
 + Level 12.3 Armour
 + Level 12.2 Shields
 + Level 9.4 Invocations


You had 12 spell levels left.
You didn't know any spells.
Your spell library contained the following spells:

 Spells                   Type           Power      Damage    Failure   Level
 Sandblast                Erth           0%         2d4       100%        1
 Sting                    Tmut/Pois      0%         1d3       100%        1
 Ensorcelled Hibernation  Hex/Ice        0%         N/A       100%        2
 Passwall                 Tmut/Erth      0%         N/A       100%        2
 Poisonous Vapours        Pois/Air       0%         N/A       100%        2
 Inner Flame              Hex/Fire       0%         N/A       100%        3
 Spider Form              Tmut/Pois      0%         N/A       100%        3
 Stone Arrow              Conj/Erth      0%         3d7       100%        3
 Swiftness                Air            0%         N/A       100%        3
 Anguish                  Hex/Necr       0%         N/A       100%        4
 Flame Wave               Conj/Fire      0%         2d4       100%        4
 Olgreb's Toxic Radiance  Pois           0%         N/A       100%        4
 Sticky Flame             Conj/Fire      0%         2d3       100%        4
 Blade Hands              Tmut           0%         N/A       100%        5
 Irradiate                Conj/Tmut      0%         3d11      100%        5
 Dragon Form              Tmut           0%         N/A       100%        7


Dungeon Overview and Level Annotations

Branches:
Dungeon (12/15)            Temple (1/1) D:4            Lair (4/5) D:9
 Shoals (0/4) Lair:2       Spider (0/4) Lair:2          Orc (2/2) D:11
    Elf (0/3) Orc:2
  Slime: Lair:4-5

Altars:
Ashenzari
Cheibriados
Dithmenos
Elyvilon
Fedhas
Gozag
Hepliaklqana
Kikubaaqudgha
Makhleb
Nemelex Xobeh
Okawaru
Qazlal
Ru
Sif Muna
Trog
Uskayaw
Vehumet
Wu Jian
Xom
Yredelemnul
Zin
The Shining One
Lugonu

Shops:
D:4 ?   D:7 (   D:11 :

Portals:
Abyss: D:7
Ossuary: D:6

Annotations:
D:8 2 transporters


Innate Abilities, Weirdness & Mutations

You have a pair of horns on your head.
You reflexively headbutt those who attack you in melee.


Message History

You hit the green ugly thing but do no damage.
You hit the skeletal warrior.
The green ugly thing kicks you but does no damage.
You block the skeletal warrior's attack.
Unknown command.
You slash the green ugly thing!
The green ugly thing is lightly wounded.
You hit the skeletal warrior but do no damage.
The skeletal warrior hits you with a +1 scimitar!
* * * LOW HITPOINT WARNING * * *
The green ugly thing kicks you.
* * * LOW HITPOINT WARNING * * *
Okay, then.
A demon appears!
You block the green ugly thing's attack.
The skeletal warrior hits you with a +1 scimitar!
* * * LOW HITPOINT WARNING * * *
Unknown command.
You hit the skeletal warrior but do no damage.
The skeletal warrior is heavily damaged.
You hit the green ugly thing but do no damage.
The green ugly thing kicks you but does no damage.
The skeletal warrior closely misses you.
Your orange demon closely misses the green ugly thing.
Your orange demon hits the green ugly thing.
The green ugly thing looks weaker.
You slash the skeletal warrior!
The skeletal warrior is heavily damaged.
You hit the green ugly thing.
You feel better.
The skeletal warrior hits you with a +1 scimitar.
* * * LOW HITPOINT WARNING * * *
The green ugly thing kicks you but does no damage.
Unknown command.
You closely miss the skeletal warrior.
The skeletal warrior is heavily damaged.
You barely miss the green ugly thing.
Your orange demon barely misses the green ugly thing.
Your orange demon hits the green ugly thing.
The skeletal warrior hits you with a +1 scimitar!!
You die...

#......# #......##
.......# #
#...#.########
#.#<..#........
#.....#..###.#
##.......#.).##
#...##..#.#..######.#
###.##.$.)(#@zYB.....
#.###.##.†#u#.#####
#.# #.###..4# .. #.#
#.# #.### .# #.# #.#
... .. #. #.#.###. .#
#... .. H ..# #. ..


You could see a boulder beetle, an elephant, a green ugly thing (weak, ally
target), a skeletal warrior and a friendly orange demon (summoned).

Vanquished Creatures
  A fire dragon (D:12)
  Fannar (Lair:2)
  2 boulder beetles
  A centaur warrior (D:12)
  An orc high priest (Orc:2)
  A lindwurm (Lair:3)
  A wizard (D:12)
  2 deep elf zephyrmancers
  2 cyclopes (D:12)
  3 manticores
  A black mamba (Lair:1)
  6 elephants (Lair:4)
  5 cane toads
  4 rime drakes
  A yaktaur (D:12)
  3 unseen horrors (D:11)
  8 komodo dragons
  A freezing wraith (D:12)
  2 polar bears
  A meliai (Lair:2)
  9 trolls
  7 dream sheep (Lair:4)
  A slime creature (D:12)
  2 hornets
  10 blink frogs
  A centaur simulacrum (D:12)
  2 shadows (D:9)
  A wraith (D:9)
  A vampire (D:9)
  51 yaks
  A wyvern (D:9)
  A steam dragon (D:9)
  A warg (Orc:2)
  2 acid dragons
  7 water moccasins
  10 orc warriors
  2 ice beasts
  5 black bears
  4 wolves
  8 ogres
  3 centaurs
  2 kobold brigands
  4 necrophages
  3 gnoll sergeants
  2 scorpions (D:9)
  14 bullfrogs
  7 wights (D:7)
  7 killer bees
  A howler monkey (D:10)
  A jelly (D:5)
  8 orc priests
  2 hounds
  A gnoll bouda (D:6)
  Natasha (thrice) (D:3)
  4 iguanas
  14 orc wizards
  16 gnolls
  9 river rats (D:5)
  10 adders
  4 worms
  A dart slug (D:2)
  60 orcs
  9 ball pythons
  5 giant cockroaches
  9 goblins
  8 hobgoblins
  2 jackals (D:2)
  8 quokkas
  4 bats
  3 frilled lizards
  16 kobolds
  17 rats
  A lurking horror (D:7)
431 creatures vanquished.

Vanquished Creatures (collateral kills)
  A cane toad (Lair:2)
  2 yaks (Lair:2)
  A steam dragon (Lair:2)
  A centaur (Lair:2)
5 creatures vanquished.

Vanquished Creatures (others)
  An orc priest (Orc:2)
  45 fungi
  40 plants
86 creatures vanquished.

Grand Total: 522 creatures vanquished

Notes
Turn   | Place    | Note
-------+----------+-------------------------------------------
     0 | D:1      | Illumine the Minotaur Fighter began the quest for the Orb.
     0 | D:1      | Reached XP level 1. HP: 19/19 MP: 0/0
   235 | D:1      | Reached XP level 2. HP: 27/27 MP: 1/1
   363 | D:1      | Reached skill level 3 in Axes
   898 | D:2      | Reached XP level 3. HP: 29/33 MP: 2/2
   899 | D:2      | Identified the +9 hand axe of Woedyher {spect, *Slow rF+
                  | rN+ Int+4}
  1154 | D:2      | Found a faded altar of an unknown god.
  1278 | D:2      | Reached XP level 4. HP: 40/40 MP: 3/3
  1470 | D:3      | Reached skill level 4 in Axes
  1782 | D:3      | Noticed Natasha
  1784 | D:3      | Killed Natasha
  1916 | D:3      | Reached XP level 5. HP: 47/47 MP: 4/4
  2102 | D:3      | Noticed Natasha
  2108 | D:3      | Killed Natasha
  2159 | D:3      | Noticed Natasha
  2160 | D:3      | Killed Natasha
  2314 | D:4      | Reached skill level 5 in Axes
  2451 | D:4      | Found Zanuq's Magic Scroll Shop.
  2465 | D:4      | Bought a scroll of identify for 26 gold pieces
  2465 | D:4      | Bought a scroll of identify for 26 gold pieces
  2465 | D:4      | Bought a scroll of identify for 26 gold pieces
  2465 | D:4      | Bought a scroll of magic mapping for 97 gold pieces
  2557 | D:4      | Reached XP level 6. HP: 55/55 MP: 5/5
  2560 | D:4      | Found a hazy altar of Hepliaklqana.
  2615 | D:4      | Reached skill level 5 in Fighting
  2615 | D:4      | Reached skill level 5 in Armour
  2720 | D:4      | Found a staircase to the Ecumenical Temple.
  2760 | Temple   | Entered the Ecumenical Temple
  2845 | Temple   | Became a worshipper of Makhleb the Destroyer
  2970 | D:5      | Entered Level 5 of the Dungeon
  2983 | D:5      | Reached skill level 6 in Axes
  2983 | D:5      | Reached skill level 5 in Shields
  3156 | D:5      | Found an ornate altar of the Wu Jian Council.
  3252 | D:5      | Found a blossoming altar of Fedhas.
  3588 | D:5      | Reached XP level 7. HP: 49/61 MP: 6/6
  3615 | D:5      | Reached skill level 1 in Invocations
  3622 | D:5      | Reached * piety under Makhleb
  3923 | D:6      | Reached skill level 7 in Axes
  3924 | D:6      | Reached XP level 8. HP: 70/70 MP: 8/8
  3934 | D:6      | Found an ancient bone altar of Kikubaaqudgha.
  4007 | D:6      | Found a sand-covered staircase.
  4028 | D:6      | Reached ** piety under Makhleb
  4284 | D:6      | Reached skill level 8 in Axes
  4385 | D:6      | Noticed a deep elf zephyrmancer
  4388 | D:6      | Killed a deep elf zephyrmancer
  4538 | D:7      | Found a flagged portal.
  4699 | D:7      | Reached XP level 9. HP: 79/79 MP: 10/10
  4708 | D:7      | Reached skill level 9 in Axes
  4926 | D:7      | Found Sintex's Weapon Shop.
  4969 | D:7      | Found a corrupted altar of Lugonu.
  4969 | D:7      | Found a one-way gate to the infinite horrors of the Abyss.
  5402 | D:7      | Found a radiant altar of Vehumet.
  5414 | D:7      | Found an opulent altar of Gozag.
  5641 | D:8      | Reached skill level 10 in Axes
  5698 | D:8      | Reached *** piety under Makhleb
  5699 | D:8      | Found a transporter.
  5717 | D:8      | Found a corrupted altar of Lugonu.
  5717 | D:8      | Noticed a brown ugly thing
  5717 | D:8      | Noticed a brown ugly thing
  5748 | D:8      | Found a transporter.
  5848 | D:8      | Reached XP level 10. HP: 83/88 MP: 12/12
  5977 | D:8      | You fall into a shaft and drop 3 floors!
  6068 | D:11     | Reached skill level 5 in Invocations
  6077 | D:10     | Entered Level 10 of the Dungeon
  6149 | D:10     | Reached skill level 11 in Axes
  6531 | D:9      | Found a staircase to the Lair.
  6617 | Lair:1   | Entered Level 1 of the Lair of Beasts
  6628 | Lair:1   | Reached skill level 12 in Axes
  6688 | Lair:1   | Reached **** piety under Makhleb
  6791 | Lair:1   | Noticed a cane toad
  6795 | Lair:1   | Killed a cane toad
  6796 | Lair:1   | Reached XP level 11. HP: 97/97 MP: 14/14
  6966 | Lair:1   | Identified a scroll of acquirement
  6966 | Lair:1   | Acquired a +2 vampiric broad axe
  7348 | Lair:1   | Reached skill level 13 in Axes
  7587 | Lair:2   | Noticed Fannar
  7604 | Lair:2   | Killed Fannar
  7610 | Lair:2   | Reached skill level 10 in Fighting
  7610 | Lair:2   | Reached skill level 10 in Armour
  7730 | Lair:2   | Reached skill level 10 in Shields
  7732 | Lair:2   | Found a staircase to the Shoals.
  7867 | Lair:2   | Identified the +5 quarterstaff of Fear {vorpal, *Noise
                  | *Corrode rF++ Int+8}
  8127 | Lair:2   | Found a hole to the Spider Nest.
  8196 | Lair:2   | Reached skill level 14 in Axes
  8196 | Lair:2   | Reached XP level 12. HP: 96/107 MP: 16/16
  8332 | Lair:2   | Acquired the +1 pair of boots "Forget-Me-Not" {Dex+6}
  8653 | Lair:3   | Reached ***** piety under Makhleb
  9570 | Lair:4   | Reached skill level 15 in Axes
 10609 | D:9      | Found a white marble altar of Elyvilon.
 10928 | D:9      | Found a snail-covered altar of Cheibriados.
 11360 | D:10     | Reached XP level 13. HP: 116/116 MP: 18/18
 11612 | D:11     | Found Jeawessano's Book Shoppe.
 12060 | D:11     | Found a staircase to the Orcish Mines.
 12505 | Orc:1    | Entered Level 1 of the Orcish Mines
 12641 | Orc:2    | Entered Level 2 of the Orcish Mines
 12653 | Orc:2    | Reached ****** piety under Makhleb
 12655 | Orc:2    | Reached skill level 16 in Axes
 12682 | Orc:2    | Found a staircase to the Elven Halls.
 12739 | Orc:2    | Noticed an orc warlord
 12741 | Orc:2    | Paralysed by an orc sorcerer for 3 turns
 13069 | D:12     | Noticed a fire dragon
 13084 | D:12     | Killed a fire dragon
 13151 | D:12     | Slain by a skeletal warrior

Illustrated notes

Levels and vault maps discovered:
D:1:      kennysheep_arrival_forest, layout_basic,
          hangedman_decor_clover_reticule, serial_bayou_ford_a,
          kennysheep_another_room, minmay_tromino_v4_a
D:2:      layout_basic, hellmonk_ecumenical_altar_crossroads,
          minmay_pentomino_pile
D:3:      layout_loops_ring, grunt_decor_clamped, uniq_natasha
D:4:      layout_rooms, nicolae_hepliaklqana_hippocampus,
          minmay_temple_entry_large_hall, serial_shops, shop
D:5:      lemuel_ratsnest, layout_loops_ring, pdpol_wu_jian_five_deadly_venoms,
          fedhas_altar_3, hex_tiny
D:6:      layout_basic, kiku_gazebo_pond_becter, nicolae_ossuary_entry_ruins,
          hangedman_decor_lopped, guppyfry_early_elven_hall
D:7:      layout_loops_ring, amethyst_overflow_temple_binary, enter_bailey_5,
          serial_shops, nicolae_stop_n_shop_1, amcnicky_altar_lugonu_corruption
D:8:      gammafunk_corrupted_shrine, layout_loops_cross
D:9:      layout_irregular_city, slow_altar_1, elyvilon_altar_4,
          due_lair_maze_entry_diamond
D:10:     layout_cave_pools, kennysheep_cross_bottleneck
D:11:     layout_loops_cross, kennysheep_orc_monster_closet_entryway,
          serial_shops, nicolae_diamond_shop
D:12:     minmay_the_grid_square_5x5_5x5 [minmay_the_grid_square_5x5_c,
          minmay_the_grid_square_5x5_n, minmay_the_grid_square_5x5_minivault,
          minmay_the_grid_square_5x5_three, minmay_the_grid_square_5x5_dogpile,
          minmay_the_grid_square_5x5_inner_z,
          minmay_the_grid_square_5x5_prize_itemx,
          minmay_the_grid_square_5x5_one_wall,
          minmay_the_grid_square_5x5_prize_gold,
          minmay_the_grid_square_5x5_comb, minmay_the_grid_square_5x5_seven,
          minmay_the_grid_square_5x5_mess,
          minmay_the_grid_square_5x5_prize_open,
          minmay_the_grid_square_5x5_corner,
          minmay_the_grid_square_5x5_tri_point,
          minmay_the_grid_square_5x5_tetrominoes,
          minmay_the_grid_square_5x5_prize_deathbox,
          minmay_the_grid_square_5x5_inset,
          minmay_the_grid_square_5x5_prize_pseudospiral,
          minmay_the_grid_square_5x5_two, minmay_the_grid_square_5x5_empty,
          minmay_the_grid_square_5x5_plus, minmay_the_grid_square_5x5_slash,
          minmay_the_grid_square_5x5_trominoes,
          minmay_the_grid_square_5x5_hollow_slash], layout_basic
Temple:   jpeg_temple_clearing
Lair:1:   layout_cellular_growth, gauntlet_entry_generic,
          minmay_stone_trees_medium
Lair:2:   layout_misc_corridors, minmay_shoals_entry_centaurs,
          hellmonk_spider_entry_not_the_bees, uniq_fannar
Lair:3:   layout_regular_city, beast_lair_carwin_3
Lair:4:   layout_roguey, grunt_megastairs_4, infiniplex_staircase_pool,
          serial_bayou_shore_b
Orc:1:    layout_caves
Orc:2:    st_orc_congregation, layout_caves, biasface_ghost_orc_armoury,
          serial_shops, nicolae_shop_waterfront, mines2_david

Skill      XL: |  1  2  3  4  5  6  7  8  9 10 11 12 13 |
---------------+----------------------------------------+-----
Axes           | 3 4 5 6 7 8 10 12 14 15 16 | 16.6
Fighting       | 4 5 6 7 8 9 10 11 12 | 12.3
Armour         | 4 5 6 7 8 9 10 11 12 | 12.3
Shields        | 4 5 6 7 9 10 11 12 | 12.2
Invocations    | 2 3 4 6 7 8 9 |  9.4

Action                   |  1- 3 |  4- 6 |  7- 9 | 10-12 | 13-15 || total
-------------------------+-------+-------+-------+-------+-------++-------
Melee: War axe           |    25 |       |       |       |       ||    25
       Headbutt          |     4 |    10 |    22 |    89 |    67 ||   192
       Hand axe          |    19 |    93 |   176 |   112 |       ||   400
       Broad axe         |       |       |       |   342 |   256 ||   598
Invok: Lesser Servant of |       |       |       |     1 |     2 ||     3
Evoke: Wand              |       |       |       |     2 |       ||     2
  Use: Scroll            |       |     7 |       |    11 |     2 ||    20
 Stab: Distracted        |       |       |     2 |     4 |       ||     6
       Invisible         |       |       |       |     1 |       ||     1
Armor: Scale mail        |    18 |       |       |       |       ||    18
       Plate armour      |     6 |    48 |    60 |   225 |   227 ||   566
Dodge: Dodged            |    11 |    14 |    12 |    61 |    83 ||   181
Block: Buckler           |     7 |     8 |       |       |       ||    15
       Tower shield      |       |    32 |   108 |   498 |   336 ||   974

Table legend: (Time is in decaauts)
 A = Elapsed time spent in this place.
 B = Non-inter-level travel time spent in this place.
 C = Inter-level travel time spent in this place.
 D = Time resting spent in this place.
 E = Time spent auto-exploring this place.
 F = Levels seen in this place.
 G = Mean time per level.
                   A        B        C        D        E       F      G
               +--------+--------+--------+--------+--------+-----+--------+
         Total |  13327 |  12698 |    629 |    515 |   9681 |  19 |  701.4 |
       Dungeon |   8775 |   8468 |    307 |    174 |   6622 |  12 |  731.2 |
        Temple |    101 |     70 |     31 |      0 |     55 |   1 |  101.0 |
          Lair |   3932 |   3662 |    270 |     77 |   2887 |   4 |  983.0 |
  Orcish Mines |    517 |    498 |     19 |    264 |    117 |   2 |  258.5 |
               +--------+--------+--------+--------+--------+-----+--------+

Top non-repeatable levels by time:
    D:11: 1090 daAuts
  Lair:3: 1079 daAuts
  Lair:1: 1034 daAuts
     D:9: 1024 daAuts
     D:7: 990 daAuts
  Lair:2: 979 daAuts
     D:1: 875 daAuts
     D:3: 868 daAuts
  Lair:4: 839 daAuts
     D:5: 838 daAuts
     D:6: 709 daAuts
     D:2: 589 daAuts
    D:10: 584 daAuts
     D:4: 572 daAuts
     D:8: 518 daAuts
